General information
- name: BNet
- type: Ladder team game (AT/RT)
- host: Battle.net
- saver: K-GaMe.OvER9000
map: TurtleRock
- players: 4
- length: 33:16
- speed: Fast
- version: 1.23 W3XP
- replay type: Public
» download(190 KB)
Players
team 1 (loser)
ArtofWan2 (
yellow | 113 APM | 3745 actions | 33:13)
4 Firelord
2 Summon Lava Spawn
2 Incinerate
3 Goblin Tinker
2 Pocket Factory
1 Cluster Rockets
» actions
| Assign group hotkey | 81 | |
| Basic commands | 320 | |
| Build / train | 137 | |
| ESC pressed | 9 | |
| Enter build submenu | 68 | |
| Enter hero's abilities submenu | 8 | |
| Give item / drop item | 1 | |
| Remove unit from queue | 1 | |
| Right click | 1334 | |
| Select / deselect | 970 | |
| Select group hotkey | 659 | |
| Use ability | 157 | |
3745 total
» units
| Peasant | 24 | |
| Footman | 20 | |
| Spell Breaker | 13 | |
| Priest | 3 | |
60 total
» upgrades
| Priest Training | 1 | |
| Masonry | 2 | |
| Lumber Harvesting | 1 | |
4 total
» buildings
| Altar of Kings | 2 | |
| Barracks | 1 | |
| Farm | 7 | |
| Scout Tower | 40 | |
| Arcane Tower | 6 | |
| Keep | 1 | |
| Arcane Sanctum | 3 | |
| Arcane Vault | 1 | |
| Lumber Mill | 1 | |
| Guard Tower | 36 | |
| Town Hall | 2 | |
| Blacksmith | 1 | |
| Castle | 2 | |
103 total
» build order
00:07 Altar of Kings
00:08 Barracks
00:20 Farm
00:52 Altar of Kings
01:22 Farm
01:53 Farm
02:33 Farm
04:24 Farm
04:25 Scout Tower
04:57 Arcane Tower
05:09 Keep
05:32 Scout Tower
05:59 Scout Tower
06:00 Arcane Tower
06:00 Arcane Tower
07:32 Arcane Sanctum
07:33 Arcane Sanctum
07:35 Arcane Vault
07:38 Farm
07:39 Arcane Tower
07:45 Arcane Sanctum
08:16 Farm
12:17 Lumber Mill
14:44 Scout Tower
14:47 Scout Tower
14:48 Scout Tower
14:48 Scout Tower
14:48 Scout Tower
14:49 Scout Tower
14:50 Scout Tower
15:18 Guard Tower
15:20 Scout Tower
15:22 Scout Tower
15:26 Scout Tower
15:26 Scout Tower
15:56 Guard Tower
15:56 Guard Tower
15:57 Guard Tower
15:57 Guard Tower
16:18 Guard Tower
16:25 Scout Tower
17:39 Guard Tower
18:11 Guard Tower
18:11 Guard Tower
18:11 Guard Tower
18:28 Scout Tower
18:53 Scout Tower
18:54 Scout Tower
18:55 Scout Tower
18:55 Scout Tower
18:56 Scout Tower
19:06 Guard Tower
19:06 Guard Tower
19:13 Guard Tower
19:13 Guard Tower
19:21 Guard Tower
19:22 Guard Tower
19:22 Guard Tower
19:22 Guard Tower
19:23 Guard Tower
19:24 Guard Tower
19:24 Guard Tower
19:24 Guard Tower
19:59 Town Hall
20:50 Scout Tower
21:04 Scout Tower
21:20 Guard Tower
21:21 Scout Tower
21:28 Blacksmith
21:51 Guard Tower
22:18 Guard Tower
22:45 Scout Tower
25:21 Scout Tower
25:22 Scout Tower
25:22 Scout Tower
25:22 Scout Tower
25:55 Guard Tower
25:56 Scout Tower
25:56 Scout Tower
25:57 Scout Tower
25:57 Scout Tower
25:57 Scout Tower
25:58 Scout Tower
26:11 Scout Tower
26:12 Scout Tower
26:14 Town Hall
26:18 Castle
26:24 Guard Tower
26:24 Guard Tower
26:52 Guard Tower
26:52 Guard Tower
28:46 Scout Tower
28:49 Scout Tower
30:27 Guard Tower
30:27 Guard Tower
» items
| Scroll of Town Portal | 3 | |
| Potion of Healing | 1 | |
| Scroll of Regeneration | 3 | |
| Lesser Clarity Potion | 2 | |
| Ivory Tower | 3 | |
12 total
wnghkgus (
pink | 52 APM | 1744 actions | 33:15)
2 Beastmaster
1 Summon Quilbeast
1 Summon Hawk
» actions
| Assign group hotkey | 11 | |
| Basic commands | 43 | |
| Build / train | 124 | |
| ESC pressed | 7 | |
| Enter build submenu | 61 | |
| Enter hero's abilities submenu | 2 | |
| Right click | 693 | |
| Select / deselect | 457 | |
| Select group hotkey | 238 | |
| Use ability | 108 | |
1744 total
» units
| Peasant | 33 | |
| Siege Engine | 14 | |
| Mortar Team | 1 | |
48 total
» upgrades
| Masonry | 3 | |
| Lumber Harvesting | 2 | |
| Armor | 3 | |
| Gunpowder | 3 | |
11 total
» buildings
| Farm | 8 | |
| Lumber Mill | 2 | |
| Altar of Kings | 1 | |
| Scout Tower | 27 | |
| Guard Tower | 41 | |
| Town Hall | 4 | |
| Keep | 3 | |
| Arcane Tower | 1 | |
| Castle | 4 | |
| Blacksmith | 1 | |
| Gryphon Aviary | 1 | |
| Workshop | 3 | |
96 total
» build order
00:05 Farm
00:33 Lumber Mill
00:59 Altar of Kings
01:18 Farm
01:35 Scout Tower
02:05 Guard Tower
02:31 Scout Tower
02:49 Scout Tower
02:59 Guard Tower
03:00 Guard Tower
03:04 Scout Tower
03:15 Guard Tower
03:45 Scout Tower
04:00 Guard Tower
04:02 Scout Tower
04:08 Scout Tower
04:15 Guard Tower
04:17 Scout Tower
04:28 Guard Tower
04:34 Scout Tower
04:37 Guard Tower
04:43 Guard Tower
04:43 Guard Tower
05:12 Scout Tower
05:13 Scout Tower
05:44 Scout Tower
05:51 Guard Tower
05:57 Guard Tower
06:09 Farm
06:11 Farm
06:32 Town Hall
06:42 Town Hall
06:57 Keep
07:01 Scout Tower
07:10 Scout Tower
07:21 Guard Tower
07:21 Guard Tower
07:38 Town Hall
07:50 Guard Tower
07:50 Guard Tower
08:29 Guard Tower
08:30 Guard Tower
08:30 Guard Tower
08:33 Lumber Mill
09:05 Arcane Tower
09:07 Farm
09:09 Farm
09:35 Castle
09:35 Castle
09:35 Castle
10:07 Blacksmith
10:12 Farm
10:17 Farm
11:13 Gryphon Aviary
11:22 Workshop
11:25 Workshop
11:39 Scout Tower
12:07 Guard Tower
12:07 Guard Tower
12:18 Scout Tower
12:30 Scout Tower
12:48 Guard Tower
12:48 Guard Tower
12:58 Guard Tower
13:36 Scout Tower
14:02 Guard Tower
14:09 Workshop
19:53 Scout Tower
20:21 Guard Tower
20:22 Scout Tower
20:40 Keep
21:17 Guard Tower
21:19 Scout Tower
22:16 Guard Tower
22:17 Scout Tower
22:44 Guard Tower
22:46 Scout Tower
24:45 Scout Tower
25:16 Scout Tower
25:17 Guard Tower
25:35 Guard Tower
25:37 Scout Tower
26:10 Guard Tower
26:20 Scout Tower
26:47 Guard Tower
28:07 Town Hall
33:09 Castle
team 2 (winner)

»
grindparty (
green | 69 APM | 2284 actions | 33:16)
6 Blademaster
3 Wind Walk
2 Critical Strike
1 Bladestorm
» actions
| Assign group hotkey | 20 | |
| Basic commands | 196 | |
| Build / train | 23 | |
| Enter build submenu | 12 | |
| Enter hero's abilities submenu | 6 | |
| Give item / drop item | 1 | |
| Right click | 1673 | |
| Select / deselect | 190 | |
| Select group hotkey | 110 | |
| Use ability | 53 | |
2284 total
» units
» buildings
| Altar of Storms | 1 | |
| Orc Burrow | 2 | |
| Barracks | 1 | |
| Voodoo Lounge | 2 | |
| War Mill | 1 | |
| Watch Tower | 3 | |
10 total
» build order
00:09 Altar of Storms
00:21 Orc Burrow
00:36 Barracks
01:31 Orc Burrow
02:02 Voodoo Lounge
02:49 War Mill
04:08 Watch Tower
04:09 Watch Tower
04:12 Watch Tower
05:02 Voodoo Lounge
» items
| Boots of Speed | 1 | |
| Circlet of Nobility | 1 | |
2 total

»
K-GaMe.OvER9000 (
orange | 117 APM | 3888 actions | 33:16)
6 Death Knight
3 Death Coil
3 Unholy Aura
5 Lich
2 Frost Armor
3 Frost Nova
5 Crypt Lord
3 Impale
2 Spiked Carapace
» actions
| Assign group hotkey | 133 | |
| Basic commands | 338 | |
| Build / train | 84 | |
| ESC pressed | 2 | |
| Enter build submenu | 40 | |
| Enter hero's abilities submenu | 16 | |
| Give item / drop item | 4 | |
| Remove unit from queue | 1 | |
| Right click | 1359 | |
| Select / deselect | 672 | |
| Select group hotkey | 1079 | |
| Use ability | 160 | |
3888 total
» units
| Acolyte | 8 | |
| Ghoul | 14 | |
| Crypt Fiend | 5 | |
| Obsidian Statue | 4 | |
| Frost Wyrm | 2 | |
| Meatwagon | 3 | |
36 total
» upgrades
| Cannibalize | 0 | |
| Creature Attack | 2 | |
| Destroyer Form | 1 | |
| Creature Carapace | 1 | |
| Ghoul Frenzy | 1 | |
| Freezing Breath | 1 | |
6 total
» buildings
| Crypt | 2 | |
| Graveyard | 1 | |
| Altar of Darkness | 1 | |
| Ziggurat | 20 | |
| Tomb of Relics | 1 | |
| Halls of the Dead | 2 | |
| Black Citadel | 1 | |
| Slaughterhouse | 1 | |
| Sacrificial Pit | 1 | |
| Boneyard | 1 | |
| Nerubian Tower | 5 | |
| Necropolis | 2 | |
| Spirit Tower | 2 | |
40 total
» build order
00:11 Crypt
00:18 Graveyard
00:51 Altar of Darkness
01:08 Ziggurat
01:35 Tomb of Relics
02:10 Ziggurat
02:13 Ziggurat
02:38 Crypt
06:01 Halls of the Dead
06:01 Halls of the Dead
07:15 Ziggurat
07:16 Ziggurat
08:26 Black Citadel
08:29 Slaughterhouse
09:47 Ziggurat
10:05 Ziggurat
11:40 Sacrificial Pit
12:39 Boneyard
13:47 Ziggurat
14:58 Nerubian Tower
14:58 Nerubian Tower
15:23 Ziggurat
15:24 Ziggurat
15:48 Ziggurat
15:49 Ziggurat
17:27 Ziggurat
17:27 Ziggurat
17:28 Ziggurat
17:39 Nerubian Tower
18:47 Nerubian Tower
19:52 Ziggurat
22:34 Ziggurat
24:16 Necropolis
30:52 Necropolis
30:54 Ziggurat
30:54 Ziggurat
30:55 Ziggurat
32:11 Spirit Tower
32:12 Spirit Tower
32:12 Nerubian Tower
» items
| Rod of Necromancy | 2 | |
| Sacrificial Skull | 1 | |
| Orb of Corruption | 1 | |
4 total
Chat log
(00:48 / All) K-GaMe.OvER9000: IM DONE MSESIN AROUND
(01:02 / All) grindparty: NI HAO
(01:10 / All) ArtofWan2: nihao
(01:15 / All) grindparty: ni ne
(02:33 / Allies) K-GaMe.OvER9000: giong 2 crypts
(02:37 / Allies) grindparty: k
(04:16 / Allies) K-GaMe.OvER9000: hide shop?
(05:10 / Allies) grindparty: sigh
(05:11 / Allies) grindparty: i fail
(05:11 / Allies) grindparty: lol
(05:39 / Allies) K-GaMe.OvER9000: lumber
(06:34 / Allies) grindparty: ;S
(08:20 / Allies) grindparty: hmm
(15:34 / Allies) grindparty: lol
(16:04 / Allies) grindparty: yea
(16:10 / Allies) grindparty: after this one ima go back to east tho
(16:10 / Allies) grindparty: :S
(16:47 / Allies) grindparty: i got ur basxe
(18:51 / Allies) grindparty: re expo
(19:57 / Allies) K-GaMe.OvER9000: after this goes down
(20:08 / Allies) grindparty: tp
(20:11 / Allies) grindparty: u:S
(20:13 / Allies) K-GaMe.OvER9000: none
(20:18 / Allies) grindparty: wa;l
(20:19 / Allies) grindparty: over
(20:20 / Allies) grindparty: then
(21:03 / Allies) grindparty: u should get
(21:04 / Allies) grindparty: the workshop
(21:19 / Allies) K-GaMe.OvER9000: halling him
(21:24 / Allies) grindparty: k
(22:12 / Allies) grindparty: tt
(24:39 / Allies) grindparty: just nuke
(24:40 / Allies) grindparty: the hero
(27:10 / Allies) grindparty: u should
(27:12 / Allies) grindparty: go tkae that out
(27:13 / Allies) grindparty: and expo
(27:13 / Allies) grindparty: err
(27:14 / Allies) grindparty: nvm
(27:52 / Allies) grindparty: rofl
(27:55 / Allies) grindparty: got it
(28:46 / Allies) grindparty: i got
(28:47 / Allies) grindparty: fl
(28:47 / Allies) grindparty: ;p
(29:44 / Allies) grindparty: idk how
(29:45 / Allies) grindparty: u won this
(29:46 / Allies) grindparty: but goodjob
(29:46 / Allies) grindparty: lol
(33:10 / Allies) grindparty: get that
(33:11 / Allies) grindparty: :o